 Dungeon Crawl Stone Soup version 0.18.1-8-gdd0e5ea (webtiles) character file.

100 jacquesderrida the Poker (level 4, 12/33 HPs)
             Began as a Demonspawn Skald on May 22, 2016.
             Quit the game on level 3 of the Dungeon.
             The game lasted 00:01:58 (666 turns).

jacquesderrida the Poker (Demonspawn Skald)          Turns: 666, Time: 00:01:59

Health: 12/33      AC: 10    Str: 12    XL:     4   Next: 46%
Magic:  2/7        EV: 11    Int: 14    God:
Gold:   56         SH:  0    Dex: 11    Spells: 2 memorised, 3 levels left

rFire  . . .     SeeInvis .     p - +0 quarterstaff
rCold  . . .     Gourm    .     b - +0 leather armour
rNeg   . . .     Faith    .     (shield currently unavailable)
rPois  .         Spirit   .     (no helmet)
rElec  .         Dismiss  .     (no cloak)
rCorr  .         Reflect  .     (no gloves)
SustAt .         Harm     .     (no boots)
MR     .....                    (no amulet)
Stlth  +.........               (no ring)
                                (no ring)

@: very slightly contaminated, hasted, very quick, not resistant to hostile
enchantments, very unstealthy
A: rough black scales 2, spiny 1
a: no special abilities


You were on level 3 of the Dungeon.
You were not hungry.

You visited 1 branch of the dungeon, and saw 3 of its levels.

You collected 56 gold pieces.

Inventory:

Hand Weapons
 a - a +0 spear
 p - a +0 quarterstaff (weapon)
Armour
 b - a +0 leather armour (worn)
Jewellery
 m - an uncursed ring of ice
Scrolls
 f - a scroll of teleportation {unknown}
 g - a scroll of magic mapping {unknown}
 h - 3 scrolls of identify {unknown}
 k - a scroll of remove curse {unknown}
 n - a scroll of amnesia {unknown}
 o - 3 scrolls of immolation {unknown}
 q - a scroll of noise {unknown}
Books
 c - a book of Battle

   Spells                             Type                      Level
   a - Infusion                       Charms                       1
   b - Shroud of Golubria             Charms/Translocation         2
   c - Song of Slaying                Charms                       2
   d - Spectral Weapon                Hexes/Charms                 3
   e - Regeneration                   Charms/Necromancy            3
Comestibles
 d - a bread ration
 i - 3 meat rations
 l - a chunk of flesh


   Skills:
 - Level 2.1 Fighting
 + Level 3.4 Polearms
 - Level 1.0 Armour
 - Level 0.8 Dodging
 - Level 2.1 Spellcasting
 + Level 1.9 Hexes
 - Level 2.9 Charms


You had 3 spell levels left.
You knew the following spells:

 Your Spells              Type           Power        Failure   Level  Hunger
a - Infusion              Chrm           #...         12%         1    ##.....
b - Spectral Weapon       Hex/Chrm       #.......     38%         3    ####...


Dungeon Overview and Level Annotations

Branches:
Dungeon (3/15)

Altars:


Innate Abilities, Weirdness & Mutations

You are mostly covered in rough black scales (AC +7, Dex -2).
You are partially covered in sharp spines.


Message History

You hit the orc priest but do no damage.
The orc priest is lightly wounded.
The orc priest hits you but does no damage.
You sock the orc priest!
The orc priest is severely wounded.
The orc priest misses you.
You closely miss the orc priest.
The orc priest is severely wounded.
The orc priest misses you.
You hit the orc priest.
The orc priest is almost dead.
You hit the orc priest.
You kill the orc priest!
No target in view!
No target in view!
No target in view!
No target in view!
Things that are here:
an enchanted dagger; a chain mail Are you sure you want to abandon this character and quit the game? (Confirm with "yes".)

#.#.#.#...#
##....#
#.#......(+ ......
#.........# #...
..........# ###.#
...(......####...#
.................#
...###########.#.#
### #(...#)#
#.####@# #......#
#.#....# ......#
####...# #.).#
#####


There were no monsters in sight!

Vanquished Creatures
  An orc priest (D:3)
  An orc wizard (D:3)
  An adder (D:3)
  A giant gecko (D:2)
  An orc (D:3)
  5 bats
  A goblin (D:1)
  2 hobgoblins
  13 jackals
  3 giant newts
  2 kobolds
  5 rats
36 creatures vanquished.

Notes
Turn   | Place    | Note
--------------------------------------------------------------
     0 | D:1      | jacquesderrida the Demonspawn Skald began the quest for the Orb.
     0 | D:1      | Reached XP level 1. HP: 16/16 MP: 3/3
   181 | D:1      | Reached skill level 2 in Polearms
   222 | D:1      | Gained mutation: You are partially covered in rough black scales (AC +4, Dex -1). [demonic ancestry]
   222 | D:1      | Reached XP level 2. HP: 16/22 MP: 5/5
   228 | D:1      | Reached skill level 1 in Armour
   509 | D:2      | Gained mutation: You are mostly covered in rough black scales (AC +7, Dex -2). [demonic ancestry]
   509 | D:2      | Reached XP level 3. HP: 17/27 MP: 6/6
   541 | D:2      | Learned a level 3 spell: Spectral Weapon
   655 | D:3      | Reached skill level 3 in Polearms
   655 | D:3      | Reached skill level 1 in Hexes
   655 | D:3      | Gained mutation: You are partially covered in sharp spines. [demonic ancestry]
   655 | D:3      | Reached XP level 4. HP: 11/33 MP: 1/7
   666 | D:3      | Quit the game

Skill      XL: |  1  2  3 |
---------------+----------+-----
Polearms       | 2 3 |  3.4
Armour         | 1 |  1.0
Hexes          | 1 |  1.9
Fighting       | |  2.1
Dodging        | |  0.8
Spellcasting   | |  2.1
Charms         | |  2.9

Action                   |  1- 3 |  4- 6 || total
-------------------------+-------+-------++-------
Melee: Spear             |   164 |       ||   164
       Quarterstaff      |     9 |     8 ||    17
  Use: Potion            |     2 |       ||     2
 Stab: Sleeping          |     2 |       ||     2
Armor: Leather armour    |    75 |     1 ||    76
Dodge: Dodged            |    99 |     4 ||   103
